 Dungeon Crawl Stone Soup version 0.21.1-1-g345015f (webtiles) character file.

18 Mgcat the Digger (level 2, -1/15 HPs)
             Began as a Gargoyle Earth Elementalist on Feb 8, 2018.
             Slain by a kobold
             ... wielding a +0 short sword
              (2 damage)
             ... on level 1 of the Dungeon.
             The game lasted 00:02:03 (657 turns).

Mgcat the Digger (Gargoyle Earth Elementalist)       Turns: 657, Time: 00:02:04

Health: -1/15      AC:  4    Str: 11    XL:     2   Next: 70%
Magic:  5/5        EV: 12    Int: 15    God:
Gold:   61         SH:  0    Dex: 10    Spells: 5/6 levels left

rFire    . . .     SeeInvis .   f - +0 club
rCold    . . .     Gourm    .   (no shield)
rNeg     + . .     Faith    .   c - +0 robe
rPois    ∞         Spirit   .   (no helmet)
rElec    +         Reflect  .   (no cloak)
rCorr    .         Harm     .   (no gloves)
MR       .....                  (no boots)
Stlth    ++........             (no amulet)
HPRegen  0.05/turn              (no ring)
MPRegen  0.09/turn              (no ring)

@: no status effects
A: negative energy resistance 1, electricity resistance, unbreathing,
petrification resistance, rot immunity, AC +2
a: no special abilities


You were on level 1 of the Dungeon.
You were not hungry.

You visited 1 branch of the dungeon, and saw 1 of its levels.

You collected 61 gold pieces.

Inventory:

Hand Weapons
 f - a +0 club (weapon)
   (You found it on level 1 of the Dungeon)
Missiles
 b - 69 stones (quivered)
Armour
 c - a +0 robe (worn)
Scrolls
 g - a scroll of fear {unknown}
 j - a scroll of amnesia {unknown}
Potions
 h - 2 potions of flight {unknown}
 i - a potion of invisibility {unknown}
 k - 2 potions of might {unknown}
Books
 e - a book of Geomancy
Comestibles
 d - 3 rations


   Skills:
 - Level 1.5 Dodging
 - Level 2.1 Stealth
 + Level 2.5 Spellcasting
   Level 0.7 Transmutations
 + Level 4.2 Earth Magic


You had 5 spell levels left.
You knew the following spells:

 Your Spells              Type           Power        Failure   Level  Hunger
a - Sandblast             Erth           ##....       3%          1    #......


Dungeon Overview and Level Annotations

Branches:
Dungeon (1/15)

Altars:


Innate Abilities, Weirdness & Mutations

You are resistant to torment.
Your stone body is resilient. (AC +2)
You are immune to poison.
You resist negative energy. (rN+)
You are resistant to electric shocks. (rElec)
You can survive without breathing.
You are immune to petrification.
You are immune to rotting.


Message History

A rat comes into view.
A rat is nearby!
There is an open door here.
The rat bites you.
You hit the rat but do no damage. The rat bites you.
You barely miss the rat. The rat bites you.
You are too injured to fight recklessly!
You are too injured to fight recklessly!
You are too injured to fight recklessly!
You are too injured to fight recklessly!
You are too injured to fight recklessly!
You hit the rat.
You kill the rat!
You now have 61 gold pieces (gained 14).
Some of the chunks of flesh in your inventory have rotted away.
As you open the large door, it creaks loudly!
There is a large open door here.
There is a large open door here.
As you open the door, it creaks loudly!
You hear a shout!
There is an open door here.
A goblin comes into view.
You closely miss the goblin.
The goblin shouts!
The goblin closely misses you.
You hit the goblin.
The goblin is heavily wounded.
The goblin misses you.
You hit the goblin.
You kill the goblin!
No target in view!
No target in view!
No target in view!
Found a stone staircase leading down.
A rat and a jackal come into view.
There are monsters nearby!
The jackal barks!
You hear a bark!
You hear a shout! x2 2 jackals come into view.
The jackal moves out of view.
The rat misses you.
You closely miss the rat. The rat closely misses you.
The jackal closely misses you.
A hobgoblin comes into view.
You hit the jackal.
The jackal is lightly wounded.
The rat bites you.
All of the chunks of flesh in your inventory have rotted away.
You closely miss the jackal.
The jackal bites you but does no damage.
The rat bites you but does no damage. The jackal barely misses you.
A kobold comes into view. It is wielding a short sword.
You closely miss the jackal. The jackal bites you. The rat closely misses you.
The rat bites you but does no damage. The jackal closely misses you.
You are too injured to fight recklessly!
You are too injured to fight recklessly!
You are too injured to fight recklessly!
You are too injured to fight recklessly!
You barely miss the jackal. The jackal misses you.
The jackal closely misses you.
You barely miss the jackal. The jackal closely misses you.
The jackal barely misses you.
You closely miss the jackal. The jackal closely misses you. x2
You hit the jackal.
The jackal is moderately wounded.
The jackal closely misses you.
You hit the jackal but do no damage.
The jackal is moderately wounded.
The jackal bites you but does no damage. x2
You hit the jackal.
The jackal is almost dead.
The jackal misses you. The kobold hits you with a short sword.
The jackal misses you.
You barely miss the jackal.
The jackal is almost dead.
The jackal bites you but does no damage.
The kobold closely misses you.
The jackal bites you but does no damage.
You hit the jackal but do no damage.
The jackal is almost dead.
The kobold closely misses you. The jackal misses you.
The kobold hits you with a short sword.
The jackal bites you but does no damage.
You hit the jackal.
You kill the jackal!
The kobold hits you with a short sword.
* * * LOW HITPOINT WARNING * * *
You hit the rat but do no damage. The rat barely misses you.
The kobold closely misses you. The rat closely misses you.
You closely miss the rat. The kobold barely misses you.
The rat bites you but does no damage. The kobold barely misses you.
You hit the rat.
You kill the rat!
The kobold misses you. The jackal bites you.
* * * LOW HITPOINT WARNING * * *
You hit the jackal but do no damage. The jackal barely misses you.
The kobold misses you. The jackal barely misses you.
You hit the jackal.
The jackal is moderately wounded.
The kobold misses you.
The jackal bites you but does no damage.
The kobold hits you with a short sword.
You die...

#............# ....
######'####+## ....
#..# #.# ....
##.###.######+ #...
#######..##........
#...
...................
....
########.##..######
#.## #..K..# #.##
##@#.## #... #h#.#
#### ......gh..#
.......#..#
######### .....(.
.># #........
....(..+...
#.8.##### .......
#### #...#≈≈;#
....... #.#(#≈≈≈#
##..... #.#.#≈≈≈#


You could see 2 jackals, a hobgoblin and a kobold.

Vanquished Creatures
  6 goblins (D:1)
  2 hobgoblins (D:1)
  A jackal (D:1)
  2 bats (D:1)
  A frilled lizard (D:1)
  2 kobolds (D:1)
  3 rats (D:1)
17 creatures vanquished.

Notes
Turn   | Place    | Note
-------+----------+-------------------------------------------
     0 | D:1      | Mgcat the Gargoyle Earth Elementalist began the quest for the Orb.
     0 | D:1      | Reached XP level 1. HP: 10/10 MP: 3/3
     3 | D:1      | Noticed an electric eel
     3 | D:1      | Noticed an electric eel
   125 | D:1      | HP: 2/10 [hobgoblin (3)]
   363 | D:1      | Reached skill level 4 in Earth Magic
   363 | D:1      | Reached XP level 2. HP: 13/15 MP: 5/5
   655 | D:1      | HP: 1/15 [jackal (3)]
   657 | D:1      | Slain by a kobold

Skill      XL: |  1 |
---------------+----+-----
Earth Magic    | 4 |  4.2
Dodging        | |  1.5
Stealth        | |  2.1
Spellcasting   | |  2.5
Transmutations | |  0.7

Action                   || total
-------------------------++-------
Melee: Unarmed           ||    24
       Club              ||    56
 Cast: Sandblast         ||     5
Armor: Robe              ||    33
Dodge: Dodged            ||    98

Vault maps used:
D:1:      arrival_aquarium_b, moated_statue

Table legend:
 A = Turns spent in this place as a percentage of turns spent in the entire game.
 B = Non-inter-level travel turns spent in this place as a percentage of non-inter-level travel turns spent in the entire game.
 C = Inter-level travel turns spent in this place as a percentage of turns spent in this place.
 D = Turns resting spent in this place as a percentage of non-inter-level travel turns spent in this place.
 E = Turns spent auto-exploring this place as a percentage of non-inter-level travel turns spent in this place.
 F = Non-inter-level travel turns spent in this place divided by the number of levels of this place that you've seen.
                   A       B       C       D       E      F
               +-------+-------+-------+-------+-------+----------------------
         Total | 100.0 | 100.0 |   0.0 |   0.0 |  74.7 | 657.0
       Dungeon | 100.0 | 100.0 |   0.0 |   0.0 |  74.7 | 657.0
               +-------+-------+-------+-------+-------+----------------------

Table legend:
 A = Kills in this place as a percentage of kills in entire the game.
 B = Kills by you in this place as a percentage of kills by you in the entire game.
 C = Kills by friends in this place as a percentage of kills by friends in the entire game.
 D = Other kills in this place as a percentage of other kills in the entire game.
 E = Experience gained in this place as a percentage of experience gained in the entire game.
 F = Experience gained in this place divided by the number of levels of this place that you have seen.
                   A       B       C       D       E      F
               +-------+-------+-------+-------+-------+----------------------
         Total | 100.0 | 100.0 |   N/A |   N/A | 100.0 |  27.0
       Dungeon | 100.0 | 100.0 |   N/A |   N/A | 100.0 |  27.0
               +-------+-------+-------+-------+-------+----------------------
